SCUSRUSFJS, neutral female scurrid Tourist --------- --------- `###........-- |......... #####|........| |........ # -........| |........-## # |........| -........|# |........| ------- -.# --........ # # --------- # # # # --.-- # |...| # # # |.... ##----- |.|}| #|...| .}}}| #...>-# |.;.| #.....###################..@o| |...| ----- ----- SCUSRUSFJS the Rambler Experience level: 1 Strength: 14 Dexterity: 9 Constitution: 12 Intelligence: 12 Wisdom: 10 Charisma: 19 Health: 0(9) Energy: 2(2) Def: 3 Gold: 1038 Moves: 185 Dungeon seed: pVVuDQYZfbBuWCdD Game ID: SCUSRUSFJS_1498716918 Your Inventory: Coins $ - 1038 gold pieces Weapons a - 39 uncursed +2 darts (in quiver) Armor e - a blessed +0 Hawaiian shirt (being worn) q - an uncursed +0 ring mail (being worn) Comestibles b - 9 uncursed food rations c - 2 uncursed tripe rations d - an uncursed tin of newt meat f - an uncursed lembas wafer g - 2 uncursed cram rations Scrolls j - 3 uncursed scrolls of magic mapping Potions h - an uncursed potion of extra healing i - a blessed potion of extra healing o - an uncursed potion of healing p - an uncursed potion of hallucination Rings r - a blessed +1 ring of increase accuracy Wands m - an uncursed wand of secret door detection (0:13) Tools k - an uncursed expensive camera (0:79) l - an uncursed credit card n - an uncursed towel Spells and supernatural/magical abilities: Name Level Category Fail Memory W - pray for help -- divine ? -- Your skills at the end: Miscellaneous Skills wands [Basic] Weapon Skills dart [Basic] Spellcasting Skills Final Attributes: You were devoutly aligned. You saw invisible. You had infravision. You were stealthy. You are dead. Vanquished creatures: a kitten a jackal 2 creatures vanquished. Voluntary challenges: You went without food. You did not adorn yourself with jewelry or accessories. You did not cause conflict. You were not invisible. You did not have reflection. You were not displaced. You were an atheist. You never hit with a wielded weapon. You were a pacifist. You did not use tools. You did not use sinks. You read items or engraved 1 time, starting on turn 109. You never genocided any monsters. You never polymorphed an object. You never changed form. You used no wishes. You never split a pudding. You never wrote Elbereth's name. You never violated your personal moral code. Dungeon overview: The Dungeons of Doom: levels 1 to 8 Level 1 a long staircase Level 2 Level 3 Level 4 Level 5 Level 6 Level 7 a throne a long staircase Level 8 <- You were here History has recorded: On T:1 you entered the Dungeons of Doom to retrieve the Amulet of Yendor! On T:13 you reached level 2 of The Dungeons of Doom. On T:15 you reached level 3 of The Dungeons of Doom. On T:38 you reached level 4 of The Dungeons of Doom. On T:64 you reached level 5 of The Dungeons of Doom. On T:66 you reached level 6 of The Dungeons of Doom. On T:68 you reached level 7 of The Dungeons of Doom. On T:121 you reached level 8 of The Dungeons of Doom. Score breakdown: Gold: 196 ( 19 points) Experience: 1 level ( 0 points) Exploration: 8 levels ( 210 points) Discoveries: 3 items ( 150 points) Variety of kills: 2 monsters ( 100 points) Major goal: (nothing yet) ( 0 points) Survival: died (score multiplied by 3) Total score: 1437 Latest messages: You succeed in cutting away some rock. You start chewing a hole in the rock. You continue digging. You succeed in cutting away some rock. You start chewing a hole in the rock. You continue digging. You succeed in cutting away some rock. You start chewing a hole in the rock. You continue digging. You succeed in cutting away some rock. You start chewing a hole in the rock. You continue digging. You succeed in cutting away some rock. You start chewing a hole in the rock. You continue digging. You succeed in cutting away some rock. You start chewing a hole in the rock. You continue digging. You make an opening in the wall. You hit it. The piranha bites! You die... Final status: Aloha SCUSRUSFJS the Tourist, killed by a piranha... You died in The Dungeons of Doom on dungeon level 8 with 1437 points, and 1038 pieces of gold, after 185 moves. You were level 1 with a maximum of 9 hit points when you died.